[Event "November 21 Early 2023"]
[Site "https://www.chess.com"]
[Date "2023.11.21"]
[Round "5"]
[White "Rychkov, Oleg"]
[Black "Zomorrodian, Eilia"]
[Result "0-1"]
[Board "57"]
[TimeControl "180+1"]
[WhiteFideId "4122852"]
[BlackFideId "12551805"]
[WhiteElo "2398"]
[BlackElo "2109"]
[WhiteTeam "RUS"]
[BlackTeam "CAN"]
[WhiteClock "0:00:13"]
[BlackClock "0:00:03"]

1. e4 c5 2. Nf3 e6 3. g3 a6 4. Bg2 b5 5. O-O Bb7 6. d4 Bxe4 7. Nc3 Bb7 8. Re1 Nf6 9. Bg5 b4 10. Na4 Qa5 11. Nxc5 Bxc5 12. dxc5 Qxc5 13. Be3 Qc6 14. Qd4 O-O 15. Qxb4 Nd5 16. Qb3 Nxe3 17. Rxe3 Qc7 18. Rc3 Nc6 19. Rd1 Rab8 20. Qa4 Qb6 21. Rb3 Qc7 22. Qh4 d5 23. c4 Ne7 24. cxd5 Bxd5 25. Rc3 Qb7 26. b3 h6 27. Qg4 Ng6 28. Rcd3 Rfc8 29. h4 Rc2 30. Rxd5 exd5 31. h5 Ne7 32. Ne5 Qb6 33. Qf3 Qf6 34. Qxf6 gxf6 35. Nd7 Rbc8 36. Nxf6+ Kg7 37. Nxd5 Nxd5 38. Rxd5 Rxa2 39. Rd7 Rc1+ 40. Kh2 Rxf2 41. Kh3 Rcc2 42. Be4 Rcd2 43. Ra7 Rd6 44. Bg6 Rdf6 45. Bd3 Rb2 46. Bc4 Rb1 47. Ra8 Rb2 48. Ra7 Rb1 49. Ra8 Ra1 50. Ra7 Ra3 51. Kg4 a5 52. Kh4 Ra1 53. Kg4 Rf2 54. Kh4 Kg8 55. Kg4 Kg7 56. Ra6 f5+ 57. Kh3 Rh1# 0-1

[Event "November 21 Early 2023"]
[Site "https://www.chess.com"]
[Date "2023.11.21"]
[Round "5"]
[White "Malyi, Viacheslav"]
[Black "Materia, Marco"]
[Result "0-1"]
[Board "58"]
[TimeControl "180+1"]
[WhiteFideId "14123983"]
[BlackFideId "45150451"]
[WhiteElo "2291"]
[BlackElo "2451"]
[WhiteTeam "UKR"]
[BlackTeam "FRA"]
[WhiteClock "0:02:04"]
[BlackClock "0:02:04"]

1. e4 c5 2. Nf3 e6 3. g3 Nc6 4. Bg2 Nf6 5. Qe2 d6 6. O-O g6 7. Rd1 Bg7 8. d4 cxd4 9. Nxd4 Nxd4 10. Rxd4 O-O 11. c4 e5 12. Rd1 Bg4 13. f3 Be6 14. Nc3 Rc8 15. b3 a6 16. Ba3 Qa5 17. Bb2 Rfd8 18. Rac1 h5 19. a3 Bh6 20. Rc2 Qb6+ 21. Kh1 Qxb3 22. Nd5 Nxd5 23. exd5 Bf5 24. Rc3 Qa4 25. Bc1 Bg7 26. Bg5 f6 27. Be3 b5 28. Rdc1 bxc4 29. Rxc4 Rxc4 30. Qxc4 Qxa3 31. Bb6 Rc8 32. Qf1 Rxc1 33. Qxc1 Qxc1+ 0-1

[Event "November 21 Early 2023"]
[Site "https://www.chess.com"]
[Date "2023.11.21"]
[Round "5"]
[White "Vignesh N R"]
[Black "brm72"]
[Result "1-0"]
[Board "59"]
[TimeControl "180+1"]
[WhiteFideId "25012215"]
[WhiteElo "2425"]
[BlackElo "2540"]
[WhiteTeam "IND"]
[WhiteClock "0:00:18"]
[BlackClock "0:00:15"]

1. d4 Nf6 2. c4 e6 3. Nf3 b6 4. g3 Bb7 5. Bg2 Be7 6. O-O O-O 7. Re1 d5 8. Ne5 Nbd7 9. Nc3 c6 10. Bf4 Rc8 11. e4 dxe4 12. Qc2 Bb4 13. Rad1 Qe7 14. Bg5 h6 15. Nxd7 hxg5 16. Nxf8 Qxf8 17. Bxe4 Nxe4 18. Qxe4 Bxc3 19. bxc3 Qa3 20. Qf3 Rd8 21. Re5 g4 22. Qxg4 Qxc3 23. Rg5 g6 24. c5 Bc8 25. h4 e5 26. Qe4 exd4 27. Qxc6 Qc2 28. Re1 d3 29. Rxg6+ fxg6 30. Qxg6+ Kf8 31. Qf6+ Kg8 32. Qxd8+ Kg7 33. Qg5+ Kf7 34. Re7+ 1-0

[Event "November 21 Early 2023"]
[Site "https://www.chess.com"]
[Date "2023.11.21"]
[Round "5"]
[White "Miszler, Levente"]
[Black "Skvortsov, Andrei"]
[Result "0-1"]
[Board "60"]
[TimeControl "180+1"]
[WhiteFideId "763276"]
[BlackFideId "24108600"]
[WhiteElo "2186"]
[BlackElo "2357"]
[WhiteTeam "HUN"]
[BlackTeam "MNE"]
[WhiteClock "0:00:56"]
[BlackClock "0:01:46"]

1. Nf3 g6 2. c4 Bg7 3. g3 e6 4. Bg2 d5 5. O-O Ne7 6. d4 O-O 7. Nc3 dxc4 8. e4 Nbc6 9. Be3 a6 10. a4 Rb8 11. Qd2 Re8 12. Rfd1 b5 13. axb5 axb5 14. d5 exd5 15. exd5 Nb4 16. Ba7 Rb7 17. Nd4 Nd3 18. Ncxb5 Nf5 19. Nxf5 Bxf5 20. Nd4 Rxa7 21. Nc6 Rxa1 22. Nxd8 Rxd1+ 23. Qxd1 Re1+ 24. Qxe1 Nxe1 25. Bf1 Nf3+ 26. Kg2 Nd2 27. f3 Nxf1 0-1

[Event "November 21 Early 2023"]
[Site "https://www.chess.com"]
[Date "2023.11.21"]
[Round "5"]
[White "Fier, Alexandr"]
[Black "ploxoi"]
[Result "1-0"]
[Board "61"]
[TimeControl "180+1"]
[WhiteFideId "2107139"]
[WhiteElo "2578"]
[BlackElo "2433"]
[WhiteTeam "BRA"]
[WhiteClock "0:00:23"]
[BlackClock "0:00:03"]

1. Nf3 d5 2. g3 c6 3. Bg2 Nf6 4. O-O Bf5 5. d3 h6 6. Nbd2 e6 7. b3 Be7 8. Bb2 O-O 9. Qe1 Bg6 10. e4 dxe4 11. dxe4 a5 12. Ne5 Bh7 13. a4 Na6 14. Qe2 Qc7 15. Ndc4 Rad8 16. f4 Bc5+ 17. Kh1 Rfe8 18. g4 Nd7 19. g5 Nxe5 20. Nxe5 Bd4 21. Bxd4 Rxd4 22. gxh6 gxh6 23. c3 Rdd8 24. Qh5 Rd2 25. Qxh6 Kh8 26. Qf6+ Kg8 27. Rg1 Kf8 28. Bf3 Red8 29. Rg7 Bg8 30. Ng6+ Ke8 31. Rxg8+ Kd7 32. Rxd8+ Qxd8 33. Qxf7+ Kc8 34. Qxe6+ Kb8 35. Qe5+ Ka8 36. Qh8 Qxh8 37. Nxh8 Rf2 38. Bg2 Rxf4 39. Rf1 Rh4 40. Rf8+ Ka7 41. Ng6 Rg4 42. Ne5 Rg7 43. Rf7 Rg5 44. Nxc6+ Kb6 45. Nd4 Nc5 46. Rf6+ Kc7 47. Ne6+ Nxe6 48. Rxe6 Rg4 49. Rf6 Rf4 50. Rxf4 1-0

[Event "November 21 Early 2023"]
[Site "https://www.chess.com"]
[Date "2023.11.21"]
[Round "5"]
[White "Hulka, Valentyn"]
[Black "Mohammed, Zozek Salah Mohammed"]
[Result "1-0"]
[Board "62"]
[TimeControl "180+1"]
[WhiteFideId "34107061"]
[BlackFideId "4803361"]
[WhiteElo "2163"]
[BlackElo "2211"]
[WhiteTeam "UKR"]
[BlackTeam "IRQ"]
[WhiteClock "0:00:07"]
[BlackClock "0:00:00"]

1. e4 e6 2. d4 d5 3. Nd2 c5 4. exd5 Qxd5 5. Ngf3 cxd4 6. Bc4 Qd6 7. O-O Nf6 8. Nb3 Nc6 9. Nbxd4 Nxd4 10. Nxd4 a6 11. c3 Qc7 12. Bb3 Bd6 13. h3 O-O 14. Qf3 Rb8 15. Bg5 Nd7 16. Rad1 Ne5 17. Qe2 b5 18. Rfe1 Ng6 19. Bc2 Bb7 20. Nxe6 Bh2+ 21. Kh1 fxe6 22. Qxe6+ Kh8 23. Bxg6 hxg6 24. Qxg6 Rxf2 25. Qh5+ Kg8 26. Re8+ Rf8 27. Re7 Qc6 28. Qg4 Bd6 29. Rxg7+ Kxg7 30. Be7+ Kf7 31. Bxd6 Qxg2+ 32. Qxg2 Bxg2+ 33. Kxg2 Rg8+ 34. Kh2 Rbd8 35. Rf1+ Ke6 36. Bf4 Rd3 37. h4 Rf8 38. h5 Rf5 39. h6 Kf7 40. Rf2 Kg6 41. a3 Kh7 42. Kg1 Rd1+ 43. Kg2 Rd7 44. Kf3 1-0

[Event "November 21 Early 2023"]
[Site "https://www.chess.com"]
[Date "2023.11.21"]
[Round "5"]
[White "Borsuk, Konstantin"]
[Black "Mirzanurov, Bulat"]
[Result "1-0"]
[Board "63"]
[TimeControl "180+1"]
[WhiteFideId "14113406"]
[BlackFideId "4184521"]
[WhiteElo "2410"]
[BlackElo "2005"]
[WhiteTeam "UKR"]
[BlackTeam "RUS"]
[WhiteClock "0:00:05"]
[BlackClock "0:00:03"]

1. d4 d5 2. c4 e6 3. Nc3 c5 4. cxd5 exd5 5. Nf3 Nc6 6. g3 Nf6 7. Bg2 cxd4 8. Nxd4 Bc5 9. Nb3 Bb6 10. O-O d4 11. Na4 O-O 12. Nxb6 axb6 13. Bxc6 bxc6 14. Qxd4 Qc7 15. Bf4 Qb7 16. Be5 c5 17. Qh4 Nd5 18. e4 Nb4 19. a3 Nd3 20. Bc3 Be6 21. Nd2 Rad8 22. Nf3 f6 23. Ne1 Bc4 24. Nxd3 Bxd3 25. Rfe1 Rfe8 26. e5 fxe5 27. Rxe5 Bg6 28. Rae1 Qd7 29. Qg5 Rxe5 30. Bxe5 Re8 31. h4 Bf5 32. Kh2 h6 33. Qf4 Kh7 34. Bc3 Rxe1 35. Bxe1 Qd5 36. Bc3 Be4 37. Qc7 Qg8 38. Qxb6 c4 39. Qd4 Bd3 40. a4 Qf7 41. a5 g5 42. a6 gxh4 43. gxh4 Qc7+ 44. Qe5 Qf7 45. f4 Qg8 46. Qe7+ Kg6 47. a7 Kh5 48. Qe5+ Kxh4 49. Qf6+ Kh5 50. Qg7 Qa8 51. f5 Qf3 52. Qg6+ Kh4 53. Bf6# 1-0

[Event "November 21 Early 2023"]
[Site "https://www.chess.com"]
[Date "2023.11.21"]
[Round "5"]
[White "Manukyan, Sargis A."]
[Black "Ibarra Jerez, Jose Carlos"]
[Result "0-1"]
[Board "64"]
[TimeControl "180+1"]
[WhiteFideId "13303970"]
[BlackFideId "2226332"]
[WhiteElo "2204"]
[BlackElo "2634"]
[WhiteTeam "ARM"]
[BlackTeam "ESP"]
[WhiteClock "0:00:24"]
[BlackClock "0:00:05"]

1. d4 Nf6 2. c4 d6 3. Nf3 g6 4. Nc3 Bf5 5. Bf4 Bg7 6. h3 O-O 7. e3 Ne4 8. Nxe4 Bxe4 9. Bd3 Bxf3 10. Qxf3 e5 11. Bg3 exd4 12. Qxb7 Nd7 13. exd4 Re8+ 14. Kf1 Bxd4 15. Qd5 Qf6 16. h4 Rab8 17. Rb1 Nc5 18. Bc2 Bxb2 19. h5 Bc3 20. Rxb8 Rxb8 21. hxg6 hxg6 22. Rh4 Be5 23. f4 Ne6 24. Rg4 Bxf4 25. Bxg6 Bxg3+ 26. Bf5+ Kf8 27. Rxg3 Rb1+ 28. Kf2 Qb2+ 29. Kf3 Rf1+ 30. Kg4 Qg7+ 31. Kh4 Qh6+ 32. Kg4 Rf4# 0-1

[Event "November 21 Early 2023"]
[Site "https://www.chess.com"]
[Date "2023.11.21"]
[Round "5"]
[White "GatoRojo150"]
[Black "mind1mover"]
[Result "0-1"]
[Board "65"]
[TimeControl "180+1"]
[WhiteElo "2581"]
[BlackElo "2880"]
[WhiteClock "0:00:05"]
[BlackClock "0:00:03"]

1. e4 Nc6 2. Nc3 d6 3. d4 Nf6 4. Nf3 g6 5. Bc4 Bg7 6. Qe2 Bg4 7. e5 Bxf3 8. gxf3 Nh5 9. e6 f5 10. d5 Ne5 11. Bb3 c6 12. f4 Ng4 13. Bd2 Qb6 14. h3 Ngf6 15. O-O-O O-O 16. Be3 Qb4 17. a3 Qa5 18. dxc6 bxc6 19. h4 Rab8 20. Rhg1 Ng4 21. Bd4 Nxf4 22. Qf3 Nh5 23. Qxc6 Rfc8 24. Qd5 Qc7 25. Bxg7 Kxg7 26. Rxg4 fxg4 27. Qd4+ Kg8 28. Qxg4 Nf6 29. Qg5 Qc5 30. Qh6 Qh5 31. Qf4 a5 32. Rxd6 Qg4 33. Qxg4 Nxg4 34. Rd7 Kf8 35. Nd5 Re8 36. Nc7 Nf6 37. Nxe8 Nxd7 38. exd7 Rd8 39. Be6 h6 40. Nc7 g5 41. hxg5 hxg5 42. Nd5 Kg7 43. Bg4 Kf7 44. Ne3 e6 45. Nc4 Kf6 46. Nb6 Rb8 47. Bh3 Ke7 48. Nc4 Rh8 49. Bg4 Kxd7 50. f3 a4 51. Nb6+ Kd6 52. Nxa4 e5 53. Nc3 Kc5 54. Ne4+ Kd4 55. Nxg5 Ke3 56. Nf7 Rh1# 0-1

[Event "November 21 Early 2023"]
[Site "https://www.chess.com"]
[Date "2023.11.21"]
[Round "5"]
[White "FREDERICKtheMATE"]
[Black "Galaktionov, Artem"]
[Result "0-1"]
[Board "66"]
[TimeControl "180+1"]
[BlackFideId "24175471"]
[WhiteElo "2566"]
[BlackElo "2367"]
[BlackTeam "RUS"]
[WhiteClock "0:01:02"]
[BlackClock "0:01:35"]

1. Nf3 c6 2. c4 g6 3. Nc3 Bg7 4. e4 d6 5. d4 Nd7 6. h3 e5 7. Be3 Ngf6 8. Bd3 O-O 9. Qd2 exd4 10. Nxd4 Nc5 11. Bc2 Re8 12. f3 d5 13. Nxc6 bxc6 14. Bxc5 Nd7 15. Bf2 dxe4 16. fxe4 Rb8 17. Rb1 Qa5 18. Bd4 Ne5 19. Bxe5 Bxe5 20. Bb3 Rd8 21. Qe3 Bd4 22. Qf3 Be6 23. Ke2 Qc5 24. Na4 Bxc4+ 25. Ke1 Qb4+ 26. Nc3 Bxb3 27. axb3 Qxb3 28. Ne2 Qb4+ 29. Kf1 Bxb2 30. Kf2 Qc5+ 31. Qe3 Qxe3+ 32. Kxe3 a5 33. Rhd1 Rxd1 34. Rxd1 a4 35. Rd7 Ra8 36. Nd4 a3 0-1

[Event "November 21 Early 2023"]
[Site "https://www.chess.com"]
[Date "2023.11.21"]
[Round "5"]
[White "Pham, Le Thao Nguyen"]
[Black "Llorente Zaro, Alfonso"]
[Result "1/2-1/2"]
[Board "67"]
[TimeControl "180+1"]
[WhiteFideId "12401226"]
[BlackFideId "2254131"]
[WhiteElo "2261"]
[BlackElo "2485"]
[WhiteTeam "VIE"]
[BlackTeam "ESP"]
[WhiteClock "0:00:08"]
[BlackClock "0:00:07"]

1. d4 d6 2. Nf3 Bg4 3. Nbd2 Nf6 4. g3 c6 5. Bg2 g6 6. h3 Bd7 7. O-O Bg7 8. e4 Na6 9. c3 O-O 10. Re1 c5 11. e5 Nd5 12. exd6 exd6 13. Ne4 Bc6 14. Bg5 f6 15. Bd2 Kh8 16. a3 Re8 17. Qc2 c4 18. Qc1 Nac7 19. Bh6 Qd7 20. Bxg7+ Kxg7 21. Qc2 b5 22. Ned2 Rxe1+ 23. Rxe1 Re8 24. Qd1 Nb6 25. Nf1 Na4 26. Rxe8 Qxe8 27. Qd2 Be4 28. Ne3 Nd5 29. Nxd5 Bxd5 30. Ne1 Bxg2 31. Nxg2 Qe4 32. Kh2 Nb6 33. Nf4 g5 34. Nh5+ Kg6 35. g4 Nd5 36. Ng3 Qd3 37. Qe1 Kf7 38. Nf5 Qf3 39. Nxd6+ Kg7 40. Nf5+ Kf7 41. Nd6+ Kg7 42. Nf5+ Kf7 43. Nd6+ 1/2-1/2

[Event "November 21 Early 2023"]
[Site "https://www.chess.com"]
[Date "2023.11.21"]
[Round "5"]
[White "Weetik, Vjacheslav"]
[Black "Herzog2012"]
[Result "1-0"]
[Board "68"]
[TimeControl "180+1"]
[WhiteFideId "4153472"]
[WhiteElo "2469"]
[BlackElo "2555"]
[WhiteTeam "RUS"]
[WhiteClock "0:00:33"]
[BlackClock "0:00:00"]

1. d4 Nf6 2. c4 e6 3. g3 d5 4. Nf3 Be7 5. Bg2 O-O 6. O-O dxc4 7. Qc2 a6 8. a4 Bd7 9. Qxc4 Bc6 10. Bf4 a5 11. Nc3 Na6 12. e3 Nb4 13. Qe2 Ne4 14. Rfc1 Bd6 15. Nb5 Bxf4 16. gxf4 Nd6 17. Ne5 Bxg2 18. Kxg2 Nxb5 19. Qxb5 Qd5+ 20. Qxd5 Nxd5 21. e4 Nxf4+ 22. Kf3 Ng6 23. Rxc7 Nxe5+ 24. dxe5 Rab8 25. Rc5 b6 26. Rb5 Rfc8 27. Rd1 g6 28. Rd6 Rc4 29. b3 Rc5 30. Rdxb6 Rxb6 31. Rxb6 Rxe5 32. Rb5 f6 33. Rxe5 fxe5 34. b4 axb4 35. Ke3 Kf7 36. a5 b3 37. Kd3 b2 38. Kc2 1-0

[Event "November 21 Early 2023"]
[Site "https://www.chess.com"]
[Date "2023.11.21"]
[Round "5"]
[White "Djordjevic, Vuk"]
[Black "elmusmolamas"]
[Result "1-0"]
[Board "69"]
[TimeControl "180+1"]
[WhiteFideId "902098"]
[WhiteElo "2425"]
[BlackElo "2553"]
[WhiteTeam "SRB"]
[WhiteClock "0:00:06"]
[BlackClock "0:00:04"]

1. d4 Nf6 2. Bg5 c6 3. Bxf6 exf6 4. e3 d5 5. c4 Bb4+ 6. Nc3 O-O 7. Nf3 Re8 8. cxd5 Qxd5 9. Be2 Qa5 10. Qb3 Be6 11. Bc4 Bxc4 12. Qxc4 Nd7 13. O-O Nb6 14. Qb3 Bd6 15. Nd2 Bc7 16. Nde4 Qh5 17. h3 Rab8 18. Rac1 f5 19. Nc5 Qg6 20. Ne2 h5 21. a4 Qd6 22. g3 h4 23. Kg2 Nd5 24. Nf4 hxg3 25. Nxd5 cxd5 26. Nxb7 Qd7 27. Nc5 Qe7 28. Qd3 gxf2 29. Rxf2 g6 30. Na6 Bd6 31. Nxb8 Rxb8 32. Rc6 Rb6 33. Rxb6 axb6 34. Re2 Qh4 35. Rf2 Qg3+ 36. Kf1 Qxh3+ 37. Ke2 Qh5+ 38. Kd2 Bg3 39. Rg2 Qh1 40. Qe2 Bd6 41. Kc2 Qa1 42. Kb3 Qc1 43. Qd3 Kf8 44. Rc2 Qe1 45. Rc6 Kg7 46. Rxd6 Qa5 47. Rc6 Qa7 48. Qb5 Qe7 49. Rc3 Qe6 50. Ka2 g5 51. Rb3 g4 52. Qxb6 g3 53. Qxe6 fxe6 54. Rc3 f4 55. exf4 Kf6 56. Rxg3 Kf5 57. Re3 Kxf4 58. Re5 1-0

[Event "November 21 Early 2023"]
[Site "https://www.chess.com"]
[Date "2023.11.21"]
[Round "5"]
[White "NovozhilovSemen"]
[Black "Redzisz, Michal"]
[Result "1-0"]
[Board "70"]
[TimeControl "180+1"]
[BlackFideId "21816107"]
[WhiteElo "2744"]
[BlackElo "2068"]
[BlackTeam "POL"]
[WhiteClock "0:00:43"]
[BlackClock "0:01:03"]

1. d4 Nf6 2. Nf3 g6 3. Nc3 d5 4. Bf4 Bg7 5. Nb5 Na6 6. e3 c6 7. Nc3 O-O 8. Be2 b5 9. Ne5 Bb7 10. h4 h5 11. g4 hxg4 12. Bxg4 Nxg4 13. Qxg4 Qc8 14. Qg3 Qf5 15. h5 g5 16. Bxg5 f6 17. Bh6 Qh7 18. Bxg7 Qxg7 19. Ng6 Rfe8 20. h6 Qh7 21. O-O-O Kf7 22. Nf4 Rg8 23. Qh3 Bc8 24. Qh5+ Kf8 25. Rdg1 Bf5 26. Rxg8+ Kxg8 27. Rg1+ Kf8 28. Rg7 Bd3 1-0

[Event "November 21 Early 2023"]
[Site "https://www.chess.com"]
[Date "2023.11.21"]
[Round "5"]
[White "Aradhya, Garg"]
[Black "Ferreira, Vitor Hugo Vieira"]
[Result "1-0"]
[Board "71"]
[TimeControl "180+1"]
[WhiteFideId "25006746"]
[BlackFideId "2119765"]
[WhiteElo "2323"]
[BlackElo "2123"]
[WhiteTeam "IND"]
[BlackTeam "BRA"]
[WhiteClock "0:00:26"]
[BlackClock "0:00:00"]

1. d4 d5 2. c4 c6 3. Nf3 Nf6 4. e3 e6 5. Bd3 Nbd7 6. O-O Bd6 7. Nc3 dxc4 8. Bxc4 b5 9. Bb3 Bb7 10. e4 e5 11. Bg5 Qc7 12. Rc1 a6 13. Nd5 Nxd5 14. exd5 c5 15. dxe5 Nxe5 16. Nxe5 Bxe5 17. Re1 O-O 18. Qh5 g6 19. Qh4 c4 20. Bc2 Bxd5 21. Rcd1 Bc6 22. Bf6 Bxf6 23. Qxf6 Rae8 24. h4 Rxe1+ 25. Rxe1 Re8 26. Rxe8+ Bxe8 27. Qxa6 Qe5 28. Qa8 Qe1+ 29. Kh2 Kg7 30. Qe4 Qxe4 31. Bxe4 Kf6 32. f4 Ke6 33. Kg3 Kd6 34. Kf2 Kc5 35. Ke3 b4 36. h5 f5 37. hxg6 hxg6 38. Bf3 Bf7 39. a3 c3 40. axb4+ Kxb4 41. bxc3+ Kxc3 42. g4 Kc4 43. g5 Bd5 44. Be2+ Kc5 45. Ba6 Bc4 46. Bc8 Kd6 47. Kd4 Bf7 48. Ba6 Bb3 49. Bb5 Bf7 50. Bd3 Bb3 51. Be2 Bf7 52. Bb5 Ke7 53. Ke5 Bb3 54. Ba6 Be6 55. Bb7 Bd7 56. Bd5 Bc8 57. Bg8 Bd7 58. Bc4 Be8 59. Kd5 Bf7+ 60. Kc5 Bxc4 61. Kxc4 Kd6 62. Kd4 Kd7 63. Kd5 Ke7 64. Ke5 Kf7 65. Kd6 Kf8 66. Ke6 Kg7 67. Ke7 Kg8 68. Kf6 Kh7 69. Kf7 1-0

[Event "November 21 Early 2023"]
[Site "https://www.chess.com"]
[Date "2023.11.21"]
[Round "5"]
[White "Saravana, Krishnan P."]
[Black "Hasangatin, Ramil"]
[Result "1-0"]
[Board "72"]
[TimeControl "180+1"]
[WhiteFideId "5018382"]
[BlackFideId "4122160"]
[WhiteElo "2167"]
[BlackElo "2317"]
[WhiteTeam "IND"]
[BlackTeam "RUS"]
[WhiteClock "0:01:21"]
[BlackClock "0:00:00"]

1. e4 d5 2. exd5 Qxd5 3. Nc3 Qd6 4. d4 Nf6 5. Nf3 c6 6. Ne5 Nbd7 7. Nc4 Qc7 8. Qf3 Nb6 9. Bf4 Qd8 10. Be5 Be6 11. Na5 Qc8 12. Bd3 Nbd5 13. O-O b6 14. Nc4 b5 15. Ne3 Nxc3 16. bxc3 Nd7 17. a4 Nxe5 18. dxe5 g6 19. Be4 Bd7 20. axb5 Qc7 21. bxc6 Be6 22. Nd5 Bxd5 23. Bxd5 e6 24. Qf6 Rg8 25. Bxe6 Bg7 26. Bd7+ Kf8 27. Qd6+ Qxd6 28. exd6 Bxc3 29. Ra4 1-0

[Event "November 21 Early 2023"]
[Site "https://www.chess.com"]
[Date "2023.11.21"]
[Round "5"]
[White "Shuvalova, Polina"]
[Black "Cruz Mendez, Jean Marco"]
[Result "1/2-1/2"]
[Board "73"]
[TimeControl "180+1"]
[WhiteFideId "24171760"]
[BlackFideId "3526402"]
[WhiteElo "2342"]
[BlackElo "2064"]
[WhiteTeam "RUS"]
[BlackTeam "CUB"]
[WhiteClock "0:00:10"]
[BlackClock "0:00:35"]

1. e4 c5 2. Nf3 d6 3. Bb5+ Bd7 4. Bxd7+ Qxd7 5. O-O Nc6 6. Re1 Nf6 7. c3 e6 8. d4 cxd4 9. cxd4 d5 10. e5 Ne4 11. Nbd2 Nxd2 12. Bxd2 Be7 13. h4 O-O 14. a3 Rfc8 15. Rc1 Rc7 16. h5 h6 17. Re3 Rac8 18. Bc3 b5 19. Qd3 b4 20. axb4 Nxb4 21. Qd2 a5 22. Ra1 Qb5 23. Qd1 Nc6 24. Ne1 Bb4 25. Nd3 Bxc3 26. bxc3 Nb8 27. Qg4 Qe8 28. Rg3 Qf8 29. Nc5 Nd7 30. Nxd7 Rxd7 31. Rxa5 Rdc7 32. Qf4 Rxc3 33. Rxc3 Rxc3 34. Ra7 Rc4 35. g3 Rc8 36. Kg2 Re8 37. Qf3 Re7 38. Ra5 Re8 39. Qb3 Rb8 40. Qf3 Qb4 41. Ra7 Rb7 42. Ra8+ Rb8 43. Ra7 Rb7 44. Ra8+ Rb8 45. Rxb8+ Qxb8 46. Qc3 Qb1 47. g4 Qe4+ 48. f3 Qb1 49. Qc8+ Kh7 50. Qc3 Qd1 51. Qe3 Qc2+ 52. Kg3 Qd1 53. Kg2 Qc2+ 54. Kg3 Qd1 55. f4 Qc2 56. Qf2 Qd3+ 57. Kg2 Qe4+ 58. Kg3 Qd3+ 59. Kg2 Qe4+ 60. Kg3 Qd3+ 1/2-1/2

[Event "November 21 Early 2023"]
[Site "https://www.chess.com"]
[Date "2023.11.21"]
[Round "5"]
[White "Starozhilov, Leonid"]
[Black "robertoalejandro10"]
[Result "1-0"]
[Board "74"]
[TimeControl "180+1"]
[WhiteFideId "14106752"]
[WhiteElo "2270"]
[BlackElo "2489"]
[WhiteTeam "UKR"]
[WhiteClock "0:01:35"]
[BlackClock "0:01:17"]

1. e4 c5 2. Nf3 g6 3. c4 Nc6 4. d4 cxd4 5. Nxd4 Bg7 6. Be3 Nf6 7. Nc3 Ng4 8. Qxg4 Nxd4 9. Qd1 Ne6 10. Rc1 Qa5 11. Qd2 b6 12. f3 Bb7 13. b3 g5 14. Nd5 Qxd2+ 15. Kxd2 Rc8 16. h4 gxh4 17. Rxh4 d6 18. Bd3 Nc5 19. Rch1 Nxd3 20. Kxd3 e6 21. Rxh7 Rxh7 22. Rxh7 Kf8 23. Nc3 Ba6 24. Bd4 e5 25. Be3 Kg8 26. Rh1 Bb7 27. a4 Re8 28. g4 f6 29. Ke2 Kf7 30. Nb5 Ke7 31. Rh7 1-0

[Event "November 21 Early 2023"]
[Site "https://www.chess.com"]
[Date "2023.11.21"]
[Round "5"]
[White "Kuznetsova, Olga"]
[Black "Jakubowski, Krzysztof"]
[Result "1-0"]
[Board "75"]
[TimeControl "180+1"]
[WhiteFideId "4191323"]
[BlackFideId "1112848"]
[WhiteElo "2134"]
[BlackElo "2369"]
[WhiteTeam "RUS"]
[BlackTeam "POL"]
[WhiteClock "0:00:10"]
[BlackClock "0:00:00"]

1. d4 Nf6 2. Nc3 d5 3. Bf4 a6 4. e3 Bf5 5. Bd3 Bg6 6. Nf3 Nbd7 7. Ne5 Nxe5 8. Bxe5 e6 9. h4 Nd7 10. h5 Bxd3 11. cxd3 h6 12. Bg3 Be7 13. Rc1 O-O 14. a3 c5 15. dxc5 Nxc5 16. b4 Nd7 17. O-O Rc8 18. Qb3 Nf6 19. e4 Nxh5 20. exd5 Nxg3 21. fxg3 exd5 22. Qxd5 Qc7 23. Ne2 Qb6+ 24. Qd4 Qg6 25. Qe4 Rxc1 26. Rxc1 Qg5 27. Rc7 Bd6 28. Rxb7 Bxg3 29. Re7 Bd6 30. Re8 Qd2 31. Rxf8+ Bxf8 32. d4 Qe1+ 33. Kh2 Bd6+ 34. g3 Qf2+ 35. Kh3 Qf1+ 36. Kh2 Qf2+ 37. Kh3 g6 38. Nf4 Qf1+ 39. Kh2 Qf2+ 40. Kh3 Qf1+ 41. Kh2 Kg7 42. d5 Qf2+ 43. Kh3 Qf1+ 44. Kh2 Qd1 45. Kg2 Qd2+ 46. Kf3 h5 47. Qe3 Qd1+ 48. Ke4 Qc2+ 49. Qd3 Qg2+ 50. Nxg2 1-0

[Event "November 21 Early 2023"]
[Site "https://www.chess.com"]
[Date "2023.11.21"]
[Round "5"]
[White "Agibileg, Uurtsaikh"]
[Black "Weisz, Bryan"]
[Result "1-0"]
[Board "76"]
[TimeControl "180+1"]
[WhiteFideId "4901606"]
[BlackFideId "30934133"]
[WhiteElo "2288"]
[BlackElo "2448"]
[WhiteTeam "MGL"]
[BlackTeam "USA"]
[WhiteClock "0:02:05"]
[BlackClock "0:00:10"]

1. d4 d5 2. c4 Nf6 3. Nc3 Be6 4. e4 Nxe4 5. Nxe4 dxe4 6. d5 Bc8 7. Ne2 e6 8. Nc3 exd5 9. cxd5 c6 10. Bc4 b5 11. Bb3 a5 12. O-O a4 13. Bc2 b4 14. Nxe4 cxd5 15. Ng5 Be7 16. Re1 h6 17. Qh5 O-O 18. Bh7+ Kh8 19. Nxf7+ Rxf7 20. Qxf7 Nc6 21. Bd3 Bd7 22. Bxh6 Bf6 23. Qh5 gxh6 24. Qxh6+ Kg8 25. Bh7+ Kf7 26. Qg6+ 1-0

[Event "November 21 Early 2023"]
[Site "https://www.chess.com"]
[Date "2023.11.21"]
[Round "5"]
[White "Arslanov, Shamil"]
[Black "Ishbaev, Alibek"]
[Result "1-0"]
[Board "77"]
[TimeControl "180+1"]
[WhiteFideId "4192826"]
[BlackFideId "14205017"]
[WhiteElo "2326"]
[BlackElo "2408"]
[WhiteTeam "RUS"]
[BlackTeam "UZB"]
[WhiteClock "0:00:21"]
[BlackClock "0:01:10"]

1. d4 c5 2. Nc3 cxd4 3. Qxd4 Nc6 4. Qh4 e5 5. Bg5 Be7 6. Bxe7 Qxe7 7. Qg3 f6 8. O-O-O Nh6 9. e4 O-O 10. Bc4+ Kh8 11. Nf3 d6 12. Nd5 Qd8 13. Nh4 Be6 14. f4 Bxd5 15. Bxd5 Nd4 16. Rhe1 Qa5 17. Kb1 Rac8 18. c3 Nb5 19. Bb3 Rc6 20. fxe5 dxe5 21. Rd7 Rc7 22. Qxg7# 1-0

[Event "November 21 Early 2023"]
[Site "https://www.chess.com"]
[Date "2023.11.21"]
[Round "5"]
[White "Srebrnic, Marko"]
[Black "Goryachkina, Aleksandra"]
[Result "1-0"]
[Board "78"]
[TimeControl "180+1"]
[WhiteFideId "14603616"]
[BlackFideId "4147103"]
[WhiteElo "2322"]
[BlackElo "2475"]
[WhiteTeam "SLO"]
[BlackTeam "FID"]
[WhiteClock "0:00:20"]
[BlackClock "0:00:00"]

1. e4 c6 2. d4 d5 3. f3 e6 4. Nc3 Bb4 5. Bf4 Ne7 6. Ne2 O-O 7. Qd3 b6 8. O-O-O Ba6 9. Qe3 Nd7 10. a3 Bxc3 11. Nxc3 Bxf1 12. Rhxf1 a5 13. h4 b5 14. Bd6 Nb6 15. Bc5 Nc4 16. Qg5 f6 17. Qg4 Qd7 18. Rfe1 b4 19. Nb1 bxa3 20. Nxa3 Nxa3 21. Bxa3 Rfe8 22. h5 h6 23. Rd3 Nc8 24. e5 f5 25. Qg6 Nb6 26. g4 f4 27. g5 Qf7 28. Qxf7+ Kxf7 29. g6+ Kg8 30. Bc5 Nd7 31. Bd6 Nb6 32. b3 a4 33. Kb2 axb3 34. cxb3 Ra7 35. Ra1 Rxa1 36. Kxa1 Ra8+ 37. Kb2 Ra5 38. Rc3 Rb5 39. Kc2 c5 40. Rxc5 Rxc5+ 41. Bxc5 1-0

[Event "November 21 Early 2023"]
[Site "https://www.chess.com"]
[Date "2023.11.21"]
[Round "5"]
[White "Bodnaruk, Anastasia"]
[Black "AC_20"]
[Result "1-0"]
[Board "79"]
[TimeControl "180+1"]
[WhiteFideId "4181751"]
[WhiteElo "2260"]
[BlackElo "2383"]
[WhiteTeam "RUS"]
[WhiteClock "0:01:12"]
[BlackClock "0:01:43"]

1. e4 e5 2. Nf3 Nc6 3. Bb5 a6 4. Ba4 Nf6 5. O-O Be7 6. Re1 b5 7. Bb3 d6 8. c3 O-O 9. h3 Nb8 10. d4 Nbd7 11. Nbd2 c6 12. Nf1 g6 13. Bh6 Re8 14. Ng5 d5 15. dxe5 Nh5 16. Nxf7 Kxf7 17. e6+ Kxe6 18. exd5+ Kd6 19. dxc6+ Kxc6 20. Bd5+ Kc7 21. Bxa8 Bc5 22. Qd5 Qf6 23. Qf3 Ne5 24. Qxf6 Nxf6 25. Bf4 Bd6 26. Bxe5 Bxe5 27. Ne3 Bxh3 28. Nd5+ Nxd5 29. Bxd5 Bd7 30. Re3 Kd6 31. Rd1 Rf8 32. Bb3+ 1-0